Map: Thunderbird LE

Players

RiSky

  • Race: Zerg Zerg
  • Spawn Location: 5:00

SKillous - Winner!

  • Race: Protoss Protoss
  • Spawn Location: 11:00

Event: 2019 WCS Summer

VOD

Have the link to the VOD?

Description

Time

  • Played on: July 12, 2019, 9:55 a.m.
  • Length: 9:35

All games in this series

Show
View Real Time Build Order
Export as new Build Order

RiSky Zerg 

Build Orders: Hatch First 

Get SALT Encoding   

  12  0:00  Drone  
  13  0:12  Overlord  
  13  0:16  Drone  
  14  0:30  Drone x2  
  16  0:48  Hatchery  
  15  0:50  Drone  
  15  0:55  Drone  
  17  0:59  Drone  
  18  1:09  Extractor  
  17  1:14  Spawning Pool  
  17  1:16  Drone  
  17  1:19  Drone  
  18  1:27  Drone  
  19  1:38  Drone  
  20  1:48  Overlord  
  20  2:00  Queen x2  
  24  2:01  Zergling x4  
  26  2:09  Metabolic Boost  
  26  2:11  Drone  
  26  2:12  Drone  
  28  2:23  Drone  
  28  2:24  Drone  
  30  2:40  Hatchery  
  29  2:44  Drone  
  29  2:45  Drone  
  29  2:50  Queen  
  33  2:55  Overlord  
  32  2:59  Zergling x2  
  32  3:03  Zergling x4  
  35  3:07  Drone  
  36  3:15  Drone x2  
  36  3:16  Drone x2  
  36  3:17  Overlord  
  40  3:21  Drone x2, Spore Crawler  
  40  3:25  Drone x2  
  44  3:35  Queen x2  
  44  3:41  Overlord  
  47  3:48  Overlord  
  47  3:53  Drone x2  
  49  3:56  Drone, Spore Crawler  
  49  4:00  Zergling x6  
  49  4:02  Spore Crawler  
  51  4:07  Drone  
  51  4:08  Drone x2  
  53  4:10  Drone  
  53  4:12  Drone x2  
  53  4:14  Drone x2  
  57  4:21  Drone  
  56  4:25  Drone x2  
  58  4:31  Drone  
  58  4:32  Lair  
  58  4:35  Roach Warren  
  58  4:36  Drone x2  
  60  4:39  Drone  
  60  4:42  Drone  
  60  4:43  Drone  
  60  4:44  Drone  
  64  4:48  Drone, Overlord  
  64  4:50  Extractor  
  64  4:51  Extractor  
  63  4:55  Overlord  
  63  4:58  Overlord  
  63  5:03  Overlord  
  63  5:09  Drone  
  63  5:11  Zergling x6  
  63  5:12  Drone x2  
  63  5:13  Drone  
  69  5:17  Roach x4  
  69  5:19  Overlord  
  81  5:21  Roach x2  
  81  5:28  Overlord  
  81  5:30  Roach  
  81  5:35  Roach x3  
  89  5:36  Glial Reconstitution, Extractor  
  89  5:40  Roach x2  
  92  5:43  Overlord  
  92  5:44  Roach  
  92  5:46  Overlord  
  94  5:51  Queen  
  96  5:59  Zergling x8, Nydus Network  
  96  6:08  Zergling x4  
  96  6:09  Queen x2  
  94  6:18  Spore Crawler  
  93  6:27  Queen  
  91  6:36  Nydus Canal  
  87  6:42  Roach x3  
  87  6:43  Roach x3  
  87  6:44  Queen  
  87  6:45  Queen  
  103  6:47  Roach  
  103  6:51  Nydus Canal  
  103  6:55  Roach  
  103  6:59  Roach  
  105  7:01  Roach  
  105  7:03  Zergling x2, Queen  
  105  7:05  Nydus Canal  
  105  7:06  Zergling x2  
  105  7:07  Zergling x2  
  104  7:09  Zergling x4  
  104  7:14  Zergling x12  
  104  7:19  Spore Crawler  
  104  7:20  Queen x2  
  102  7:22  Zergling x2  
  102  7:23  Zergling x6  
  102  7:26  Zergling x4  
  102  7:29  Zergling x6  
  100  7:31  Nydus Canal  
  100  7:32  Zergling x2  
  94  7:37  Zergling x2  
  94  7:39  Queen  
  94  7:44  Zergling x4  
  87  7:47  Zergling x2  
  82  7:55  Infestation Pit  
  82  7:56  Queen x2  
  82  7:57  Zergling x4  
  83  7:59  Zergling x2  
  83  8:01  Zergling x2  
  79  8:14  Queen  
  79  8:18  Drone  
  79  8:19  Drone x5  
  84  8:31  Queen  
  84  8:32  Queen, Spore Crawler  
  87  8:35  Spore Crawler  
  87  8:37  Drone x7  
  84  8:47  Overlord x2  
  80  8:58  Spore Crawler  
  80  8:59  Overlord, Spore Crawler  
  67  9:10  Overlord x2  
Show
View Real Time Build Order
Export as new Build Order

SKillous Protoss - Winner!

Build Orders: 1 Gate Expand, Oracle Opening, Phoenix Opening, Mass Phoenix 

Get SALT Encoding   

  12  0:00  Probe  
  13  0:13  Probe  
  14  0:18  Pylon  
  14  0:25  Probe  
  15  0:33  Probe  
  15  0:39  Gateway  
  15  0:41  Probe  
  16  0:46  Assimilator  
  17  0:51  Probe  
  18  1:03  Probe  
  19  1:15  Probe  
  20  1:23  Nexus  
  20  1:34  Cybernetics Core  
  20  1:38  Probe  
  21  1:43  Assimilator  
  21  1:50  Probe  
  21  1:53  Pylon  
  22  2:01  Adept  
  22  2:02  Probe  
  23  2:14  Probe  
  26  2:16  Stargate  
  26  2:21  Adept  
  26  2:23  Warp Gate  
  26  2:26  Probe  
  27  2:31  Probe  
  30  2:38  Probe  
  30  2:39  Probe  
  32  2:49  Probe  
  32  2:50  Probe  
  33  2:51  Adept  
  33  2:57  Phoenix  
  36  3:01  Probe  
  36  3:02  Probe  
  40  3:09  Pylon  
  40  3:13  Oracle  
  40  3:14  Probe  
  40  3:15  Probe  
  40  3:18  Assimilator  
  40  3:19  Assimilator  
  42  3:26  Probe  
  46  3:30  Probe  
  47  3:38  Probe  
  48  3:42  Probe  
  49  3:50  Probe  
  49  3:51  Stargate  
  49  3:54  Probe, Phoenix  
  51  4:01  Pylon  
  51  4:02  Probe  
  54  4:04  Gateway  
  53  4:10  Probe  
  53  4:14  Probe  
  52  4:19  Phoenix, Pylon  
  52  4:22  Probe  
  53  4:26  Probe  
  53  4:29  Protoss Air Weapons Level 1  
  56  4:32  Pylon  
  56  4:33  Phoenix  
  56  4:34  Probe  
  59  4:44  Phoenix  
  59  4:45  Adept  
  64  4:49  Pylon  
  64  4:52  Phoenix  
  65  5:02  Zealot  
  67  5:10  Probe x2, Phoenix  
  67  5:11  Phoenix  
  70  5:22  Nexus  
  70  5:23  Probe, Pylon  
  70  5:24  Probe  
  70  5:28  Zealot  
  72  5:30  Adept  
  74  5:36  Probe  
  74  5:38  Phoenix  
  74  5:39  Phoenix  
  79  5:44  Probe  
  79  5:48  Probe  
  79  5:49  Robotics Facility  
  81  5:53  Zealot  
  81  5:54  Sentry  
  85  6:00  Shield Battery  
  85  6:02  Pylon  
  85  6:08  Phoenix  
  53  6:11  Phoenix  
  85  6:15  Probe  
  85  6:17  Probe  
  91  6:23  Probe  
  91  6:26  Robotics Facility  
  91  6:32  Probe  
  93  6:33  Phoenix  
  93  6:36  Phoenix  
  97  6:40  Stalker, Zealot  
  97  6:42  Immortal  
  97  6:44  Probe  
  102  6:48  Probe  
  102  6:49  Probe  
  108  6:56  Probe  
  108  7:00  Probe  
  110  7:03  Phoenix  
  110  7:07  Immortal  
  106  7:11  Sentry, Adept  
  107  7:27  Immortal  
  109  7:30  Gateway  
  109  7:32  Gateway x2  
  109  7:33  Gateway  
  101  7:42  Zealot x2  
  102  7:46  Immortal  
  106  7:57  Probe  
  104  8:02  Probe  
  100  8:21  Pylon  
  100  8:22  Pylon  
  100  8:24  Pylon  
  100  8:34  Twilight Council  
  100  8:35  Immortal x2  
  100  8:39  Probe x2  
  100  8:40  Pylon  
  109  8:44  Pylon  
  109  8:51  Pylon  
  107  9:03  Sentry  
  107  9:04  Sentry  
  111  9:15  Zealot x2  
  111  9:16  Zealot x2  
Tags
 
Add a new tag
Caveats
  • Supply blocks, unpowered buildings, or Contaminate may cause inaccurate times.
  • Supply counts are checked every 10 seconds.